 Dungeon Crawl Stone Soup version 0.23.2-33-g5129a83184 (webtiles) character file.

Game seed: 12240141652398819584

3645 Derp the Spear-Bearer (level 9, -2/71 HPs)
             Began as a Demonspawn Berserker on July 15, 2019.
             Was an Elder of Trog.
             Slain by an orc warrior
             ... wielding a +0 scimitar of freezing
              (3 damage)
             ... on level 10 of the Dungeon.
             The game lasted 00:21:10 (5603 turns).

Derp the Spear-Bearer (Demonspawn Berserker)        Turns: 5603, Time: 00:21:10

Health: -2/71      AC: 20    Str: 21    XL:     9   Next: 88%
Magic:  9/9        EV: 14    Int:  8    God:    Trog [****..]
Gold:   448        SH:  0    Dex: 19    Spells: 8/8 levels left

rFire    . . .     SeeInvis .   l - +2 scythe (protect)
rCold    . . .     Gourm    .   (shield currently unavailable)
rNeg     . . .     Faith    .   g - +0 ring mail
rPois    .         Spirit   .   r - +2 helmet
rElec    .         Reflect  .   (no cloak)
rCorr    .         Harm     .   m - +1 pair of gloves of the Game of Life {Dex+6}
MR       .....                  (no boots)
Stlth    ++........             (no amulet)
HPRegen  0.21/turn              (no ring)
MPRegen  0.11/turn              (no ring)

@: sanguine armour, berserk cooldown
A: talons 1, demonic guardian 1, powered by death 1, sanguine armour 2
a: Berserk, Trog's Hand, Brothers in Arms, Renounce Religion


You were on level 10 of the Dungeon.
You worshipped Trog.
Trog was greatly pleased with you.
You were not hungry.

You visited 1 branch of the dungeon, and saw 8 of its levels.
You also visited: Sewer.

You collected 448 gold pieces.

Inventory:

Hand Weapons
 a - a +0 hand axe
 e - a +0 mace of protection
 l - a +2 scythe of protection (weapon)
Armour
 g - a +0 ring mail (worn)
 m - the +1 pair of gloves of the Game of Life (worn) {Dex+6}
   (You found it on level 4 of the Dungeon)

   It affects your dexterity (+6).
 r - a +2 helmet (worn)
Jewellery
 u - an uncursed ring of protection from magic
 D - a +2 ring of protection
 G - a +5 ring of evasion {unknown}
Wands
 n - a wand of random effects (35)
Scrolls
 b - 7 scrolls of identify
 i - 3 scrolls of teleportation
 j - 2 scrolls of amnesia
 p - a scroll of fog
 q - 3 scrolls of fear {unknown}
 s - 2 scrolls of random uselessness {unknown}
 w - a scroll of blinking {unknown}
 y - a scroll of enchant armour {unknown}
 A - a scroll of magic mapping {unknown}
 B - a scroll of immolation {unknown}
 C - a scroll of silence {unknown}
Potions
 d - 2 potions of curing {unknown}
 f - a potion of flight {unknown}
 h - 2 potions of might {unknown}
 k - 2 potions of degeneration {unknown}
 o - 3 potions of heal wounds {unknown}
 t - a potion of agility {unknown}
 v - a potion of brilliance {unknown}
 x - 2 potions of mutation {unknown}
 z - a potion of haste {unknown}
 E - a potion of lignification {unknown}
 F - a potion of magic {unknown}
Comestibles
 c - 6 rations


   Skills:
 + Level 6.5 Fighting
 + Level 3.9(6.9) Axes
 + Level 9.0(9.4) Polearms
 + Level 5.2 Armour
 + Level 5.0 Dodging
 + Level 1.8 Stealth


You had 8 spell levels left.
You didn't know any spells.
Your spell library was empty.

Dungeon Overview and Level Annotations

Branches:
Dungeon (7/15)                Orc (0/2) D:10
 Temple: D:4-7

Altars:
Elyvilon
Ru

Annotations:
D:6 1 runed translucent door


Innate Abilities, Weirdness & Mutations

You have sharp toenails.
A weak demonic guardian rushes to your aid.
You regenerate a little health from kills.
When seriously injured, your bleeding wounds create thick armour. (AC +9)


Message History

Found an escape hatch in the ceiling.
The orc warrior hits your iron imp but does no damage.
Your iron imp disappears in a puff of smoke!
Your white imp disappears in a puff of smoke!
The orc warrior hits you with a +0 scimitar of freezing.
* * * LOW HITPOINT WARNING * * *
The orc warrior freezes you.
* * * LOW HITPOINT WARNING * * *
You closely miss the orc warrior. You claw the orc warrior.
The orc warrior is lightly wounded.
You feel yourself speed up. The orc warrior closely misses you.
The orc warrior hits you with a +0 scimitar of freezing.
* * * LOW HITPOINT WARNING * * *
The orc warrior freezes you.
* * * LOW HITPOINT WARNING * * *
The orc warrior hits you with a +0 scimitar of freezing!
* * * LOW HITPOINT WARNING * * *
The orc warrior freezes you.
You die...

.............>...........#####
# #######.............#+####
#....)..).......#
###+#.............#
#.......(.........# ##
#......†###.#########+# #.
#....)..# #....5....<.. #.
#.......# ####o........ #.
#.......+ #@........ #.
#.......# +.....<... +.
#.......# #......... #.
#.......# ####+##### #.
####'#### #. ## #....# .###
########.## ..# # #.........#
#.# #
#####>###.##########.#### #


You could see an orc warrior and a friendly white imp.

Vanquished Creatures
  2 ugly things (D:10)
  Sigmund (D:2)
  Menkaure (D:6)
  A warg (D:10)
  An orc warrior (D:10)
  3 sky beasts
  An eye of draining (D:10)
  A centaur (D:6)
  4 ogres
  4 big kobolds (Sewer)
  A bullfrog (D:5)
  A scorpion (D:6)
  6 killer bees (D:7)
  2 howler monkeys
  4 crimson imps
  A bullfrog zombie (D:6)
  2 jellies
  3 hounds
  A bullfrog skeleton (D:4)
  2 centaur skeletons
  An orc priest (D:10)
  An orc wizard (D:4)
  Jessica (D:3)
  2 worker ants
  An iguana (D:5)
  2 hound skeletons
  Robin (D:3)
  7 river rats (Sewer)
  6 adders
  2 shadow imps
  4 oozes
  5 worms
  3 dart slugs
  4 leopard geckos
  6 orcs
  7 ball pythons
  7 bats
  6 giant cockroaches
  18 goblins
  5 hobgoblins
  5 jackals
  3 quokkas
  5 frilled lizards
  A giant cockroach zombie (D:6)
  A jackal zombie (D:3)
  13 kobolds
  A leopard gecko skeleton (D:6)
  A quokka skeleton (D:4)
  6 rats
167 creatures vanquished.

Vanquished Creatures (collateral kills)
  A bullfrog (D:10)
  2 orc priests (D:10)
  An orc (D:10)
4 creatures vanquished.

Grand Total: 171 creatures vanquished

Notes
Turn   | Place    | Note
-------+----------+-------------------------------------------
     0 | D:1      | Derp the Demonspawn Berserker began the quest for the Orb.
     0 | D:1      | Reached XP level 1. HP: 18/18 MP: 1/1
   168 | D:1      | Gained mutation: You have sharp toenails. [demonic
                  | ancestry]
   168 | D:1      | Reached XP level 2. HP: 11/24 MP: 2/2
   746 | D:2      | Noticed Sigmund
   772 | D:2      | Killed Sigmund
   772 | D:2      | Gained mutation: You regenerate a little health from kills.
                  | [demonic ancestry]
   772 | D:2      | Reached XP level 3. HP: 18/30 MP: 3/3
   772 | D:2      | Reached XP level 4. HP: 23/37 MP: 4/4
   772 | D:2      | Gained mutation: When seriously injured, your bleeding
                  | wounds create armour. (AC +9) [demonic ancestry]
   772 | D:2      | Reached XP level 5. HP: 26/42 MP: 5/5
   995 | D:2      | Found a sacrificial altar of Ru.
  1120 | D:3      | Reached ** piety under Trog
  1424 | D:3      | Noticed Robin
  1432 | D:3      | Killed Robin
  1539 | D:3      | Reached XP level 6. HP: 49/49 MP: 6/6
  1596 | D:3      | Reached skill level 1 in Polearms
  1664 | D:3      | Noticed Jessica
  1672 | D:3      | Killed Jessica
  1682 | D:3      | Reached *** piety under Trog
  1863 | D:4      | Got a pair of heavily runed gloves
  1914 | D:4      | Reached skill level 2 in Polearms
  2369 | D:4      | Found a glowing drain.
  2374 | Sewer    | Entered a sewer
  2567 | Sewer    | Reached skill level 3 in Polearms
  2567 | Sewer    | Gained mutation: When seriously injured, your bleeding
                  | wounds create thick armour. (AC +9) [demonic ancestry]
  2567 | Sewer    | Reached XP level 7. HP: 55/55 MP: 7/7
  3144 | Sewer    | Reached skill level 4 in Polearms
  3360 | D:5      | Entered Level 5 of the Dungeon
  3380 | D:5      | Reached skill level 5 in Fighting
  3380 | D:5      | Reached XP level 8. HP: 37/62 MP: 8/8
  3591 | D:5      | Reached skill level 5 in Polearms
  4219 | D:6      | Identified the +1 pair of gloves of the Game of Life
                  | {Dex+6} (You found it on level 4 of the Dungeon)
  4336 | D:6      | Reached **** piety under Trog
  4384 | D:6      | Reached skill level 1 in Stealth
  4386 | D:6      | Reached skill level 6 in Polearms
  4518 | D:6      | Noticed Menkaure
  4526 | D:6      | Killed Menkaure
  4696 | D:6      | Found a white marble altar of Elyvilon.
  4697 | D:6      | Found a runed translucent door.
  4697 | D:6      | Noticed an angel
  4850 | D:6      | Gained mutation: A weak demonic guardian rushes to your
                  | aid. [demonic ancestry]
  4850 | D:6      | Reached XP level 9. HP: 68/69 MP: 9/9
  5054 | D:7      | Reached skill level 5 in Armour
  5066 | D:7      | Reached skill level 7 in Polearms
  5108 | D:7      | You fall through a shaft for 3 floors!
  5108 | D:10     | Entered Level 10 of the Dungeon
  5159 | D:10     | Noticed a cyan ugly thing
  5250 | D:10     | Killed a cyan ugly thing
  5284 | D:10     | Noticed a cyan ugly thing
  5329 | D:10     | Killed a cyan ugly thing
  5329 | D:10     | Reached skill level 8 in Polearms
  5487 | D:10     | Reached skill level 5 in Dodging
  5494 | D:10     | Found a staircase to the Orcish Mines.
  5510 | D:10     | Received a gift from Trog
  5528 | D:10     | Reached skill level 9 in Polearms
  5568 | D:10     | HP: 5/106 [orc priest/divine providence (14)]
  5603 | D:10     | HP: 1/71 [orc warrior/+0 scimitar of freezing (17)]
  5603 | D:10     | Slain by an orc warrior

Skill      XL: |  1  2  3  4  5  6  7  8  9 |
---------------+----------------------------+-----
Axes           | 3 |  3.9
Armour         | 2 3 4 5 |  5.2
Fighting       | 4 5 6 |  6.5
Dodging        | 2 3 4 5 |  5.0
Polearms       | 3 4 6 9 |  9.0
Stealth        | 1 |  1.8

Action                   |  1- 3 |  4- 6 |  7- 9 || total
-------------------------+-------+-------+-------++-------
Melee: Hand axe          |    89 |       |       ||    89
       Kick              |    13 |    34 |    92 ||   139
       Scythe            |       |   182 |   298 ||   480
Invok: Berserk           |     1 |       |     4 ||     5
       Trog's Hand       |       |       |     5 ||     5
  Use: Scroll            |     1 |     3 |     3 ||     7
 Stab: Sleeping          |       |       |     2 ||     2
  Eat: Chunk             |       |     7 |     2 ||     9
       Ration            |       |       |     5 ||     5
Armor: Animal skin       |     3 |       |       ||     3
       Ring mail         |    24 |   121 |   202 ||   347
Dodge: Dodged            |    76 |   158 |   305 ||   539
